 Dungeon Crawl Stone Soup version 0.30.0-29-ga12c61a403 (webtiles) character file.

Game seed: 9548033716864605285

569 ChrisAssaf the Ruffian (level 7, 0/46 (56) HPs)
             Began as a Grey Draconian Transmuter on June 5, 2023.
             Was an Initiate of Yredelemnul.
             Killed by divine providence
             ... invoked by an orc priest
              (9 damage)
             ... on level 5 of the Dungeon.
             The game lasted 00:16:25 (3735 turns).

ChrisAssaf the Ruffian (Grey Draconian Transmuter)  Turns: 3735, Time: 00:16:25

HP:   0/46 (56)     AC:  2    Str: 15    XL:     7   Next: 11%
MP:   6/12          EV: 20    Int: 13    God:    Yredelemnul [......]
Gold: 72            SH:  0    Dex: 16    Spells: 5/12 levels left

rFire   . .          .
                       - Unarmed
rCold   . . .        (shield currently unavailable)
rNeg    . . .        (body armour unavailable)
rPois   .            t - melded +1 hat
rElec   .            (cloak currently unavailable)
rCorr   .            (gloves currently unavailable)
SInv    .            (boots currently unavailable)
Will    .....        (no amulet)
Stlth   ++           o - ring of poison resistance
HPRegen 0.27/turn    (no ring)
MPRegen 0.13/turn

%: no passive effects
@: spider-form (expiring), heavily drained
A: venomous fangs, AC +11, (amphibious), tiny, unfitting armour, (cold-blooded)
a: End Transformation, Renounce Religion, Recall Undead Harvest


You were on level 5 of the Dungeon.
You worshipped Yredelemnul.
Yredelemnul was noncommittal.
You were a venomous arachnid creature.
You visited 1 branch of the dungeon, and saw 5 of its levels.

You collected 150 gold pieces.
You spent 78 gold pieces at shops.

Inventory:

Missiles
 s - 9 poisoned darts (quivered)
 u - a javelin
Armour
 t - a +1 hat (melded)
Jewellery
 o - a ring of poison resistance (left front pincers)
Wands
 l - a wand of flame (19)
Scrolls
 b - a scroll of vulnerability
 c - a scroll of amnesia {unknown}
 d - 3 scrolls of blinking {unknown}
 g - a scroll of immolation
 j - a scroll of fog
 k - a scroll of poison {unknown}
 m - a scroll of fear {unknown}
 q - a scroll of teleportation
 v - a scroll of enchant weapon {unknown}
Potions
 a - a potion of lignification
 e - 2 potions of degeneration {unknown}
 f - a potion of berserk rage {unknown}
 i - 3 potions of haste {unknown}
 n - 3 potions of mutation {unknown}
 p - a potion of heal wounds {unknown}
 r - a potion of brilliance {unknown}


   Skills:
 * Level 2.5 Fighting
 * Level 1.3 Throwing
 * Level 2.7 Dodging
 * Level 1.9 Stealth
 * Level 4.3 Unarmed Combat
 * Level 3.4 Spellcasting
 + Level 0.1 Necromancy
 * Level 3.4 Transmutations
 * Level 1.5 Poison Magic
 * Level 1.6 Invocations
 * Level 1.3 Evocations


You had 5 spell levels left.
You knew the following spells:

 Your Spells              Type           Power      Damage    Failure   Level
a - Beastly Appendage     Tmut           22%        N/A       16%         1
b - Wereblood             Tmut           11%        N/A       22%         2
c - Spider Form           Tmut/Pois      8%         N/A       45%         3
d - Kiss of Death         Conj/Necr      8%         2d6       43%         1

Your spell library contained the following spells:

 Spells                   Type           Power      Damage    Failure   Level
 Necrotise                Necr           8%         1d4       41%         1
 Cigotuvi's Dreadful Rot  Necr/Pois/Air  6%         N/A       47%         2
 Ignite Poison            Fire/Tmut/Pois 6%         N/A       56%         3
 Tukima's Dance           Hex            2%         N/A       75%         3
 Ice Form                 Ice/Tmut       6%         N/A       88%         4
 Passage of Golubria      Tloc           2%         N/A       98%         4
 Yara's Violent Unravell  Hex/Tmut       3%         3d4       99%         5
 Freezing Cloud           Conj/Ice/Air   1%         6-21      100%        5


Dungeon Overview and Level Annotations

Branches:
Dungeon (5/15)
 Temple: D:4-7

Altars:
Cheibriados
Hepliaklqana
Kikubaaqudgha
Qazlal
Yredelemnul

Shops:
D:3 !

Annotations:
D:4 1 runed translucent door, Irreverend's ghost, amateur AtFi


Innate Abilities, Weirdness & Mutations

You are a venomous arachnid creature.
You have venomous fangs.
You are tiny and dextrous.
Your spellcasting is less reliable in this form.
Your armour is entirely melded.
You are incapable of wielding weapons or throwing items.
((Your dull iron-grey scales are very hard. (AC +11)))
((You are amphibious.))
You cannot fit into any form of body armour.
((You are cold-blooded and may be slowed by cold attacks.))


Message History

The black bear is drained!
The black bear is almost dead.
You feel drained.
Your transformation is almost over.
The black bear closely misses you. x2; The black bear claws you.
You hit the black bear but do no damage.
The black bear looks as sick as possible!
The black bear is almost dead.
The black bear closely misses you. x2; The black bear misses you.
The orc priest looks braver for a moment.
The orc priest miscasts a cantrip.
The black bear completely misses you. The black bear barely misses you.
The black bear claws you.
Casting: Kiss of Death (safe; 43% risk of failure)
Confirm with . or Enter, or press ? or * to list all spells.
Aiming: Kiss of Death (safe; 43% risk of failure)
Press: ? - help, Shift-Dir - straight line, f/p - black bear
Aim: a black bear (almost dead, berserk, extremely poisoned, lightly drained, 100% to hit)
The negative energy hits the black bear!
The black bear is drained!
You kill the black bear!
You feel drained.
The orc priest mumbles some strange prayers to Beogh against you.
Pain shoots through your body!
The orc priest mumbles some strange prayers to Beogh against you.
Beogh smites you!
* * * LOW HITPOINT WARNING * * *
You hear a shout!
You have reached level 7!
Your scales start taking on a dull iron-grey colour.
You learn Air Magic much slower.
You learn Earth Magic much quicker.
You feel better.
The orc priest calls down the wrath of Beogh upon you.
Beogh smites you!
* * * LOW HITPOINT WARNING * * *
You feel better. The jelly misses you.
The orc priest calls down the wrath of Beogh upon you.
Beogh smites you!
You die...
Your body rises from the dead as a mindless zombie.

###.##.......
#.. #.......
#.. ##......
.######## #.
##.....
........#
#.....
..o.....#
#.....
.......<#
#.....
.....oJ.#
#...<.
(......s#
#.....
.....####
#..... #....
##.... ##..
##... #. #.##
#. #.# .[


You could see a jelly and 2 orc priests.

Vanquished Creatures
  Sigmund (D:4)
  A black bear (D:5)
  An orc priest (D:4)
  Jessica (D:3)
  An iguana (D:4)
  An orc wizard (D:4)
  7 adders
  3 worms
  3 dart slugs
  7 orcs (D:4)
  6 ball pythons
  3 bat zombies (D:3)
  10 endoplasms
  A giant cockroach (D:1)
  4 goblins
  5 hobgoblins
  4 jackals
  4 quokkas
  2 bats (D:1)
  5 frilled lizards
  5 kobolds
  3 rats (D:3)
  2 rat zombies (D:3)
80 creatures vanquished.

Vanquished Creatures (collateral kills)
  An iguana (D:4)
  An adder (D:2)
  4 endoplasms
  A hobgoblin (D:4)
  2 jackals (D:3)
  2 frilled lizards
  2 goblins (D:1)
  A rat (D:1)
14 creatures vanquished.

Vanquished Creatures (others)
  An adder zombie (D:1)
  An endoplasm zombie (D:4)
  A frilled lizard zombie (D:2)
  2 goblin zombies (D:4)
  A kobold zombie (D:4)
  An orc zombie (D:4)
7 creatures vanquished.

Grand Total: 101 creatures vanquished

Notes
Turn   | Place    | Note
-------+----------+-------------------------------------------
     0 | D:1      | ChrisAssaf the Draconian Transmuter began the quest for the
                  | Orb.
     0 | D:1      | Reached XP level 1. HP: 16/16 MP: 3/3
   157 | D:1      | Reached XP level 2. HP: 22/23 MP: 3/5
   160 | D:1      | Learned a level 2 spell: Wereblood
   160 | D:1      | Found a faded altar of an unknown god.
   191 | D:1      | Prayed at the altar of an unknown god.
   191 | D:1      | Became a worshipper of Yredelemnul the Dark
   191 | D:1      | Reached * piety under Yredelemnul
   471 | D:1      | Reached ** piety under Yredelemnul
  1054 | D:2      | Reached XP level 3. HP: 28/28 MP: 3/6
  1058 | D:2      | Learned a level 3 spell: Spider Form
  1132 | D:2      | Found a snail-covered altar of Cheibriados.
  1598 | D:3      | Reached XP level 4. HP: 35/36 MP: 3/7
  1908 | D:3      | Reached skill level 1 in Stealth
  2109 | D:3      | You fall into a shaft and drop 2 floors!
  2109 | D:5      | Entered Level 5 of the Dungeon
  2163 | D:3      | Noticed Jessica
  2168 | D:3      | Killed Jessica
  2175 | D:3      | Got Jessica's Monograph on Misery
  2191 | D:3      | Learned a level 1 spell: Kiss of Death
  2298 | D:3      | Found an ancient bone altar of Kikubaaqudgha.
  2503 | D:3      | Reached XP level 5. HP: 35/41 MP: 6/9
  2563 | D:3      | Found Eneoja's Distillery.
  2567 | D:3      | Bought a potion of curing for 39 gold pieces
  2567 | D:3      | Bought a potion of curing for 39 gold pieces
  3183 | D:4      | Reached skill level 1 in Poison Magic
  3279 | D:4      | Found a snail-covered altar of Cheibriados.
  3301 | D:4      | Found a runed translucent door.
  3302 | D:4      | Noticed Irreverend's ghost (amateur AtFi)
  3346 | D:4      | Reached skill level 1 in Invocations
  3389 | D:4      | Reached XP level 6. HP: 24/48 MP: 3/10
  3506 | D:4      | Found a hazy altar of Hepliaklqana.
  3586 | D:4      | Noticed Sigmund
  3599 | D:4      | Killed Sigmund
  3600 | D:4      | Reached skill level 1 in Throwing
  3600 | D:4      | Reached skill level 4 in Unarmed Combat
  3600 | D:4      | Reached skill level 1 in Evocations
  3654 | D:4      | Found a stormy altar of Qazlal.
  3734 | D:5      | Your scales start taking on a dull iron-grey colour.
  3734 | D:5      | Reached XP level 7. HP: 6/46 MP: 6/12
  3735 | D:5      | Killed from afar by an orc priest

Illustrated notes

Levels and vault maps discovered:
D:1:      lightli_arrival_noodles, layout_basic, ebering_ecumenical_altar_ruins
D:2:      layout_rooms, basic_altar
D:3:      layout_loops_ring, lemuel_zombie_altar_kikubaaqudgha, serial_shops,
          shop, kennysheep_path_1, minmay_misc_feat_alley,
          kennysheep_jessica_study
D:4:      layout_basic, mainiacjoe_overflow_swirl,
          worldfamousw_hep_ancestral_shrine, hellmonk_ghost_happy_afterlife,
          uniq_sigmund
D:5:      layout_rooms, overflow_temple_1_default,
          nicolae_uskayaw_murder_on_the_dancefloor,
          minmay_temple_entry_metal_lava

Skill      XL: |  1  2  3  4  5  6 |
---------------+-------------------+-----
Dodging        | 2 |  2.7
Stealth        | 1 |  1.9
Fighting       | 2 |  2.5
Spellcasting   | 3 |  3.4
Transmutations | 3 |  3.4
Poison Magic   | 1 |  1.5
Invocations    | 1 |  1.6
Throwing       | 1 |  1.3
Unarmed Combat | 4 |  4.3
Evocations     | 1 |  1.3
Necromancy     | |  0.1

Action                     |  1- 3 |  4- 6 |  7- 9 || total
---------------------------+-------+-------+-------++-------
  Melee: Unarmed           |    68 |   101 |       ||   169
         Kick              |    10 |    15 |       ||    25
         Tailslap          |     2 |     1 |       ||     3
         Headbutt          |     4 |    12 |       ||    16
         Punch             |     1 |       |       ||     1
  Throw: Javelin           |       |    20 |       ||    20
   Cast: Beastly Appendage |    25 |    15 |       ||    40
         Wereblood         |     2 |     3 |       ||     5
         Spider Form       |     3 |    13 |       ||    16
         Kiss of Death     |       |     3 |       ||     3
 Invoke: Recall Undead Har |     1 |     5 |       ||     6
  Evoke: Wand              |       |     2 |       ||     2
    Use: Scroll            |     1 |     3 |       ||     4
         Potion            |       |       |     2 ||     2
   Stab: Sleeping          |       |     1 |       ||     1
 Armour: Skin              |    28 |    24 |       ||    52
  Dodge: Dodged            |    69 |   103 |     1 ||   173
